 Dungeon Crawl Stone Soup version 0.27-a0-860-gaf99fae3ca (webtiles) character file.

Game seed: 10661493617580323551

11253 robertstho the Fighter (level 11, 0/113 HPs)
             Began as a Troll Delver on Apr 1, 2021.
             Was an Initiate of Gozag.
             Slain by a spriggan rider
             ... wielding a +0 spear
              (7 damage)
             ... on level 10 of the Dungeon.
             The game lasted 00:17:22 (8588 turns).

robertstho the Fighter (Troll Delver)               Turns: 8588, Time: 00:17:23

Health: 0/113      AC: 16    Str: 25    XL:     11   Next: 46%
Magic:  10/10      EV: 10    Int:  6    God:    Gozag
Gold:   602        SH:  0    Dex: 11    Spells: 10/10 levels left

rFire    . . .     SeeInvis .   H - +8 frozen axe "Frostbite" {freezing cloud, *Noise +Fly rC+}
rCold    + . .     Faith    .   (shield currently unavailable)
rNeg     . . .     Spirit   .   A - +0 swamp dragon scales
rPois    +         Reflect  .   (helmet restricted)
rElec    .         Harm     .   m - +0 cloak {rCorr}
rCorr    +         Rampage  .   (gloves unavailable)
Will     .....                  (boots unavailable)
Stlth    +.........             l - amulet of the acrobat
HPRegen  1.28/turn              h - +4 ring of protection
MPRegen  0.12/turn              n - ring of poison resistance

@: gold aura, flying, studying Stealth
A: large, unfitting armour, claws 3, regeneration 1, shaggy fur 1, tough skin 1
a: Renounce Religion, Potion Petition, Call Merchant, Bribe Branch


You were on level 10 of the Dungeon.
You worshipped Gozag.
Gozag was pleased with you.
You visited 2 branches of the dungeon, and saw 11 of its levels.

You collected 2047 gold pieces.
You spent 810 gold pieces at shops.
You paid 635 gold pieces to Gozag.

Inventory:

Hand Weapons
 p - a +2 war axe of venom
 z - the +7 longbow of the Thieving Mosquito {flame, +Blink rPois}
   (You found it on level 8 of the Dungeon)

   It causes projectiles fired from it to burn those they strike, causing extra
   injury to most foes and up to half again as much damage against particularly
   susceptible opponents.
   It protects you from poison.
   It lets you blink.
 B - a +1 halberd of flaming
 H - the +8 frozen axe "Frostbite" (weapon) {freezing cloud, *Noise +Fly rC+}
   (You found it on level 9 of the Dungeon)

   It has been specially enchanted to freeze those struck by it, causing extra
   injury to most foes and up to half again as much damage against particularly
   susceptible opponents.
   It can also slow down cold-blooded creatures.
   It protects you from cold.
   It grants you flight.
   It may make noises in combat.
Armour
 m - a +0 cloak of preservation (worn)
 A - +0 swamp dragon scales (worn)
 M - a +2 cloak of poison resistance
Jewellery
 a - a ring of magical power
 h - a +4 ring of protection (left claw)
 l - an amulet of the acrobat (around neck)
 n - a ring of poison resistance (right claw)
 x - a ring of flight
Wands
 f - a wand of digging (3)
 y - a wand of iceblast (20)
 F - a wand of polymorph (3)
Scrolls
 b - 2 scrolls of fog
 c - 2 scrolls of magic mapping
 d - 4 scrolls of fear
 o - 3 scrolls of teleportation
 q - 2 scrolls of enchant weapon
 r - 4 scrolls of blinking
 v - a scroll of brand weapon
 C - a scroll of immolation {unknown}
 D - 2 scrolls of enchant armour {unknown}
 I - a scroll of silence {unknown}
 N - 2 scrolls of identify
Potions
 e - 3 potions of haste
 g - 3 potions of brilliance
 i - a potion of heal wounds
 j - a potion of might
 k - a potion of attraction
 s - a potion of resistance {unknown}
 t - 2 potions of lignification
 u - 3 potions of magic
 w - 3 potions of ambrosia
 E - 2 potions of invisibility {unknown}
 G - 2 potions of cancellation
 K - a potion of berserk rage
 L - 5 potions of curing
Miscellaneous
 J - a lightning rod (4/4)


   Skills:
 * Level 8.4 Fighting
 + Level 6.0(7.4) Axes
 + Level 6.6(7.8) Polearms
 * Level 6.9 Armour
 + Level 5.0 Dodging
 + Level 3.1 Stealth
 + Level 5.0 Unarmed Combat
 + Level 0.2 Evocations


You had 10 spell levels left.
You didn't know any spells.
Your spell library contained the following spells:

 Spells                   Type           Power      Damage    Failure   Level
 Corpse Rot               Necr/Air       N/A        N/A       73%         2
 Sublimation of Blood     Necr           0%         N/A       73%         2
 Dispel Undead            Necr           0%         3d6       100%        4
 Agony                    Necr           0%         N/A       100%        5
 Excruciating Wounds      Necr           0%         N/A       100%        5


Dungeon Overview and Level Annotations

Branches:
Dungeon (10/15)            Temple (1/1) D:5            Lair (0/6) D:8
    Orc (0/2) D:9

Altars:
Ashenzari
Cheibriados
Dithmenos
Elyvilon
Fedhas
Gozag
Hepliaklqana
Kikubaaqudgha
Makhleb
Nemelex Xobeh
Okawaru
Qazlal
Ru
Sif Muna
Trog
Uskayaw
Vehumet
Wu Jian
Xom
Yredelemnul
Zin
The Shining One

Shops:
D:9 !*

Annotations:
D:6 Need flight to finish level


Innate Abilities, Weirdness & Mutations

You are too large for most types of armour.
You have claws for hands.
Your natural rate of healing is unusually fast.
You are covered in fur. (AC +1)
You have tough skin. (AC +1)


Message History

The wolf bites you.
You hit the wolf. You freeze the wolf.
The wolf is severely wounded.
The wolf is engulfed in freezing vapours.
You kill the wolf!
The spriggan becomes distracted by the nearby gold, dreaming of imaginary riches.
The spriggan rider hits you from afar with a +0 spear!
The spriggan closely misses you.
The spriggan becomes distracted by the nearby gold, dreaming of imaginary riches.
The spriggan rider hits you from afar with a +0 spear!
The spriggan hits you but does no damage.
The spriggan shouts!
Your base Axes skill increases to level 6!
The spriggan is no longer distracted by gold.
The spriggan becomes distracted by the nearby gold, dreaming of imaginary riches.
The spriggan is no longer distracted by gold.
The spriggan rider misses you.
The spriggan is no longer distracted by gold.
The spriggan completely misses you.
The spriggan rider hits you with a +0 spear!!
The spriggan closely misses you. The spriggan completely misses you.
You completely miss the spriggan rider.
The spriggan hits you from afar with the +5 trident of Conservatism {vorpal, Dex+4}.
The spriggan hits you from afar with a +0 spear. x2
The spriggan rider hits you with a +0 spear!
* * * LOW HITPOINT WARNING * * *
The spriggan barely misses you. x2
The spriggan hits you from afar with a +0 spear.
* * * LOW HITPOINT WARNING * * *
The spriggan rider hits you with a +0 spear!
* * * LOW HITPOINT WARNING * * *
You feel much better.
The spriggan hits you from afar with the +5 trident of Conservatism {vorpal, Dex+4}!
* * * LOW HITPOINT WARNING * * *
x2 The spriggan becomes distracted by the nearby gold, dreaming of imaginary riches.
The spriggan hits you from afar with a +0 spear.
* * * LOW HITPOINT WARNING * * *
The spriggan rider hits you with a +0 spear!
You die...
Your body crumbles into a pile of gold.

.....#..........#.........#......
.....#..........#.........#...##.
.....'..........#......#'#######.
.....#.......♣♣♣♣......#.........
#...##....♣♣♣♣.}♣......#......###
#...##...♣♣...♣♣#......#......##.
....##...♣♣ ♣.#⌠......#.........
....#####♣.. ♣i#.......#.........
.....#...♣...♣i$@......#.........
#....#...♣.♣$.i#i......#+####.##.
#....#...♣.....#⌠......#...##.###
...).)...♣♣.♣..♣#......#..<......
....)#....♣♣♣♣♣.♣...>..#.........
.....#.....#.♣♣♣♣......#.........
#....#....).## #......#.........
#...#######.# #....>.#.####.##'
....#.......# ########.####.##.


You could see a spriggan rider and 3 spriggans.

Vanquished Creatures
  A catoblepas (D:9)
  A centaur warrior (D:9)
  The ghost of srzhan31 the Thaumaturge, a journeyman DECj of Sif Muna (D:10)
  Pikel (D:6)
  An ugly thing (D:9)
  Maurice (D:8)
  Joseph (D:8)
  Maggie (D:6)
  Psyche (D:8)
  A troll (D:8)
  Grinder (D:6)
  A polar bear (D:10)
  Sigmund (D:4)
  A wyvern (D:9)
  2 wraiths
  A shadow (D:10)
  6 yaks (D:10)
  Grum (D:8)
  4 steam dragons
  3 vampire mosquitoes (D:10)
  An acid dragon (D:10)
  2 water moccasins
  5 orc warriors
  A hornet zombie (D:6)
  A black bear (D:8)
  2 necrophages
  An ogre (D:5)
  8 wolves
  A tengu (shapeshifter) (D:9)
  A lemure (D:6)
  2 centaurs
  A kobold brigand (D:7)
  3 bullfrogs
  A wyvern zombie (D:7)
  8 wights
  2 electric eels
  5 howler monkeys
  A centaur zombie (D:5)
  A gnoll shaman (D:3)
  2 bullfrog skeletons
  A bullfrog zombie (D:5)
  4 hounds
  7 orc priests
  A centaur skeleton (D:7)
  Crazy Yiuf (D:5)
  3 iguanas
  9 orc wizards
  3 killer bee zombies
  A centaur simulacrum (D:9)
  A hound skeleton (D:4)
  A howler monkey zombie (D:9)
  4 gnolls (D:6)
  A howler monkey skeleton (D:7)
  3 adders
  A shadow imp (D:6)
  2 white imps
  An ufetubus (D:3)
  An adder skeleton (D:5)
  A worm (D:3)
  46 orcs
  11 endoplasms
  8 goblins
  5 hobgoblins
  14 jackals
  11 kobolds
  4 quokkas
  3 bats
  2 frilled lizards (D:1)
  6 rats
236 creatures vanquished.

Vanquished Creatures (others)
  13 fungi
  6 plants (D:10)
19 creatures vanquished.

Grand Total: 255 creatures vanquished

Notes
Turn   | Place    | Note
-------+----------+-------------------------------------------
     0 | D:5      | robertstho the Troll Delver began the quest for the Orb.
     0 | D:5      | Reached XP level 1. HP: 22/22 MP: 0/0
    16 | D:4      | Noticed a necrophage
    18 | D:4      | Noticed Sigmund
    32 | D:4      | Killed a necrophage
    33 | D:4      | Reached skill level 3 in Fighting
    33 | D:4      | Reached skill level 1 in Armour
    33 | D:4      | Reached XP level 2. HP: 2/31 MP: 1/1
    33 | D:4      | Reached XP level 3. HP: 3/37 MP: 2/2
    33 | D:4      | Reached XP level 4. HP: 4/45 MP: 3/3
   220 | D:5      | Found a staircase to the Ecumenical Temple.
   225 | Temple   | Entered the Ecumenical Temple
   559 | D:5      | Noticed an ogre
   570 | D:5      | Killed an ogre
   571 | D:5      | Reached XP level 5. HP: 18/54 MP: 4/4
   576 | D:5      | Reached skill level 4 in Fighting
   622 | Temple   | Became a worshipper of Gozag Ym Sagoz the Greedy
   733 | D:5      | Found a bloodstained altar of Trog.
   786 | D:5      | Reached XP level 6. HP: 58/62 MP: 5/5
   948 | D:5      | Found a runed translucent door.
   949 | D:5      | Noticed Crazy Yiuf
   982 | D:5      | Killed Crazy Yiuf
  1048 | D:4      | Killed Sigmund
  1251 | D:4      | Noticed a vampire
  1254 | D:4      | Reached XP level 7. HP: 35/71 MP: 6/6
  1326 | D:2      | Found a glowing golden altar of the Shining One.
  1772 | D:1      | Found a faded altar of an unknown god.
  2714 | D:3      | Found an iron altar of Okawaru.
  3186 | D:4      | You fall into a shaft and drop 3 floors!
  3196 | D:7      | Reached skill level 1 in Axes
  3196 | D:7      | Reached skill level 5 in Unarmed Combat
  3283 | D:7      | Reached skill level 5 in Fighting
  3283 | D:7      | Reached XP level 8. HP: 60/80 MP: 7/7
  3671 | D:8      | Noticed a troll
  3826 | D:6      | Noticed Maggie
  3843 | D:6      | Killed Maggie
  3910 | D:6      | Found a stormy altar of Qazlal.
  4121 | D:6      | Noticed Grinder
  4130 | D:6      | Killed Grinder
  4131 | D:6      | Reached XP level 9. HP: 89/89 MP: 8/8
  4225 | D:6      | Noticed Pikel
  4238 | D:6      | Killed Pikel
  4239 | D:6      | Reached skill level 6 in Fighting
  4239 | D:6      | Reached skill level 1 in Polearms
  4489 | D:6      | Found a glowing silver altar of Zin.
  4489 | D:6      | Noticed an angel
  5519 | D:8      | Reached skill level 5 in Axes
  5547 | D:8      | Found a staircase to the Lair.
  5552 | D:8      | Reached skill level 5 in Armour
  5570 | D:8      | Identified the +7 longbow of the Thieving Mosquito {flame,
                  | +Blink rPois}
  5741 | D:8      | Noticed Grum
  5754 | D:8      | Killed Grum
  5833 | D:8      | Killed a troll
  5834 | D:8      | Reached skill level 7 in Fighting
  5952 | D:8      | Reached XP level 10. HP: 68/102 MP: 9/9
  5988 | D:8      | Found a broken altar of Ashenzari.
  5994 | D:8      | Noticed Maurice
  6077 | D:8      | HP: 5/102 [something (5)]
  6206 | D:8      | Killed Maurice
  6340 | D:8      | Noticed Psyche
  6357 | D:8      | Killed Psyche
  6453 | D:8      | Noticed Joseph
  6468 | D:8      | Killed Joseph
  6771 | D:9      | Noticed a centaur warrior
  6785 | D:9      | Killed a centaur warrior
  6786 | D:9      | Reached skill level 5 in Polearms
  6834 | D:9      | Found the +9 staff of Olgreb {rPois∞}
  6841 | D:9      | Noticed a fire crab
  6846 | D:9      | Noticed a catoblepas
  6852 | D:9      | Noticed a harpy
  6852 | D:9      | a fire crab changed into a harpy
  6943 | D:9      | Found Giaqec's General Store.
  6963 | D:9      | Bought a scroll of teleportation for 36 gold pieces
  6963 | D:9      | Bought a scroll of noise for 12 gold pieces
  6963 | D:9      | Bought a scroll of fog for 24 gold pieces
  6963 | D:9      | Bought a +2 cloak of poison resistance for 222 gold pieces
  7071 | D:9      | Killed a catoblepas
  7173 | D:9      | Found the +8 frozen axe "Frostbite" {freezing cloud, *Noise
                  | +Fly rC+}
  7262 | D:9      | Noticed a purple ugly thing
  7293 | D:9      | Killed a purple ugly thing
  7294 | D:9      | Reached XP level 11. HP: 34/111 MP: 10/10
  7459 | D:9      | Found a staircase to the Orcish Mines.
  7514 | D:9      | Reached skill level 8 in Fighting
  7770 | D:9      | Bought a potion of curing for 36 gold pieces
  7770 | D:9      | Bought a potion of curing for 36 gold pieces
  7770 | D:9      | Bought a potion of berserk rage for 60 gold pieces
  7770 | D:9      | Bought a potion of ambrosia for 96 gold pieces
  7770 | D:9      | Bought a potion of lignification for 36 gold pieces
  7770 | D:9      | Bought a potion of curing for 36 gold pieces
  7770 | D:9      | Bought a potion of magic for 96 gold pieces
  7770 | D:9      | Bought a potion of haste for 120 gold pieces
  7803 | D:10     | Entered Level 10 of the Dungeon
  8057 | D:10     | Found a runed translucent door.
  8066 | D:10     | Identified the +5 trident of Conservatism {vorpal, Dex+4}
  8069 | D:10     | Noticed srzhan31's ghost (journeyman DECj)
  8071 | D:10     | Noticed a spriggan rider
  8165 | D:10     | Reached skill level 5 in Dodging
  8283 | D:10     | Found a hide-covered altar of Uskayaw.
  8580 | D:10     | Killed srzhan31's ghost
  8588 | D:10     | Slain by a spriggan rider

Illustrated notes

Levels and vault maps discovered:
D:1:      minmay_arrival_split_and_join, layout_basic, basic_ecumenical_altar,
          minmay_cut_off
D:2:      layout_rooms, basic_altar
D:3:      layout_basic, okawaru_gym_becter, glass_columns_c
D:4:      layout_loops_ring, serial_aquarium, aquarium_bridge_square
          [aquarium_subvault_window, aquarium_subvault_window,
          aquarium_subvault_bridge, aquarium_subvault_bridge],
          aquarium_window_corridor_3, aquarium_window_2, aquarium_window_corner,
          aquarium_window_fake, aquarium_view_2c, aquarium_balcony_5b,
          aquarium_pool_corner, minmay_manual_monstrance, uniq_sigmund
D:5:      layout_basic, nicolae_overflow_crystal_walls,
          minmay_temple_entry_arrows, chequers_serial_rivers_large_b,
          uniq_crazy_yiuf_cottage, uniq_duvessa
D:6:      layout_basic, zin_angel, kennysheep_mini, water_maze_lemuel,
          uniq_pikel, uniq_maggie, uniq_grinder
D:7:      layout_rooms
D:8:      layout_basic, evilmike_ruin_ashenzari, erik_lair_island, uniq_grum,
          uniq_psyche, uniq_joseph, uniq_maurice
D:9:      minmay_cut_squares, layout_basic, hiddenorc2_lemuel, serial_shops,
          nicolae_shop_competitors_out_of_business,
          hangedman_abyss_or_decor_slice, hive_lemuel
D:10:     layout_gridville, kennysheep_mini_moat, ebering_ghost_funeral_grove
Temple:   eino_temple_scatter_basement

Skill      XL: |  1  2  3  4  5  6  7  8  9 10 11 |
---------------+----------------------------------+-----
Fighting       | 3 4 5 7 8 |  8.4
Armour         | 1 2 3 4 5 6 |  6.9
Dodging        | 2 3 4 5 |  5.0
Unarmed Combat | 3 4 5 |  5.0
Axes           | 1 4 5 6 |  6.0
Polearms       | 3 6 |  6.6
Stealth        | 3 |  3.1
Evocations     | |  0.2

Action                   |  1- 3 |  4- 6 |  7- 9 | 10-12 || total
-------------------------+-------+-------+-------+-------++-------
Melee: Unarmed           |    17 |    56 |   105 |     7 ||   185
       War axe           |       |       |   233 |       ||   233
       Punch             |       |       |    12 |       ||    12
       Halberd           |       |       |   140 |   269 ||   409
       Executioner's axe |       |       |       |    42 ||    42
Invok: Call Merchant     |       |       |       |     1 ||     1
Evoke: Wand              |       |       |       |     5 ||     5
  Use: Potion            |     1 |       |     3 |     7 ||    11
       Scroll            |       |     1 |     7 |     3 ||    11
 Stab: Sleeping          |       |     1 |     8 |       ||     9
       Distracted        |       |     1 |     3 |     1 ||     5
       Confused          |       |       |       |     1 ||     1
Armor: Robe              |     7 |    21 |   123 |       ||   151
       Swamp dragon scal |       |       |   124 |   227 ||   351
       Skin              |       |       |       |     1 ||     1
Dodge: Dodged            |     5 |    29 |   301 |   222 ||   557

Table legend: (Time is in decaauts)
 A = Elapsed time spent in this place.
 B = Non-inter-level travel time spent in this place.
 C = Inter-level travel time spent in this place.
 D = Time resting spent in this place.
 E = Time spent auto-exploring this place.
 F = Levels seen in this place.
 G = Mean time per level.
                   A        B        C        D        E       F      G
               +--------+--------+--------+--------+--------+-----+--------+
         Total |   8793 |   8241 |    552 |    172 |   5880 |  11 |  799.4 |
       Dungeon |   8528 |   8045 |    483 |    172 |   5685 |  10 |  852.8 |
        Temple |    265 |    196 |     69 |      0 |    195 |   1 |  265.0 |
               +--------+--------+--------+--------+--------+-----+--------+

Top non-repeatable levels by time:
     D:8: 1277 daAuts
     D:4: 1070 daAuts
     D:9: 1064 daAuts
     D:6: 859 daAuts
     D:5: 832 daAuts
    D:10: 812 daAuts
     D:3: 765 daAuts
     D:7: 756 daAuts
     D:1: 669 daAuts
     D:2: 419 daAuts
  Temple: 265 daAuts
